 Dungeon Crawl Stone Soup version 0.26.1-11-gd32895ea62 (webtiles) character file.

Game seed: 4322874922393390941

37 nomophobia the Skirmisher (level 3, 0/29 HPs)
             Began as a Demonspawn Berserker on May 20, 2021.
             Was a Believer of Trog.
             Slain by a worm (11 damage)
             ... on level 2 of the Dungeon.
             The game lasted 00:12:08 (1306 turns).

nomophobia the Skirmisher (Demonspawn Berserker)    Turns: 1306, Time: 00:12:09

Health: 0/29       AC:  2    Str: 18    XL:     3   Next: 23%
Magic:  3/3        EV: 12    Int: 10    God:    Trog [**....]
Gold:   83         SH:  0    Dex: 12    Spells: 2/2 levels left

rFire    . . .     SeeInvis .   a - +0 hand axe
rCold    . . .     Faith    +   (no shield)
rNeg     . . .     Spirit   .   b - +0 animal skin
rPois    .         Reflect  .   (no helmet)
rElec    .         Harm     .   (no cloak)
rCorr    .         Rampage  .   (no gloves)
Will     .....                  (no boots)
Stlth    +.........             g - amulet of faith
HPRegen  0.09/turn              (no ring)
MPRegen  0.08/turn              (no ring)

@: no status effects
A: powered by death 1, big brain 1
a: Renounce Religion, Berserk, Trog's Hand


You were on level 2 of the Dungeon.
You worshipped Trog.
Trog was pleased with you.
You visited 1 branch of the dungeon, and saw 2 of its levels.

You collected 83 gold pieces.

Inventory:

Hand Weapons
 a - a +0 hand axe (weapon)
Armour
 b - a +0 animal skin (worn)
Jewellery
 e - an uncursed ring of stealth
 g - an amulet of faith (around neck)
 h - a cursed +6 ring of dexterity {unknown}
Scrolls
 c - a scroll of random uselessness {unknown}
 d - a scroll of enchant armour {unknown}
 j - a scroll of teleportation
Potions
 f - a potion of curing {unknown}
 i - a potion of heal wounds {unknown}
 k - a potion of haste {unknown}


   Skills:
 + Level 3.3 Fighting
 * Level 3.2 Axes
 + Level 2.1 Armour
 + Level 2.1 Dodging


You had 2 spell levels left.
You didn't know any spells.
Your spell library was empty.

Dungeon Overview and Level Annotations

Branches:
Dungeon (2/15)

Altars:


Innate Abilities, Weirdness & Mutations

You regenerate a little health from kills.
You have an unusually large brain. (Int +2)


Message History

The worm is heavily wounded.
The bat closely misses you.
You hit the worm.
The worm is heavily wounded.
You closely miss the bat. The bat closely misses you. The worm bites you.
You barely miss the worm.
The worm is heavily wounded.
The bat hits you. The worm bites you but does no damage.
You barely miss the worm.
The worm is heavily wounded.
You hit the bat.
You kill the bat!
Trog accepts your kill.
You hit the worm.
The worm is severely wounded.
The worm barely misses you.
You hit the worm.
The worm is almost dead.
The worm bites you!
You die...

#........##..#.#.
#................
#.......#.#..#.#.
###.......#.#..#.#.
.#########........ #
..# #..###.## .. #.#
#..###.#
#.#.###.#######.....>#
#....w@......###.#####
###.##..#.##.###.#
#.##..#........#
#.....####.#####
####.#####.# #.......#
#########


You could see a worm.

Vanquished Creatures
  2 dart slugs (D:1)
  A leopard gecko (D:2)
  2 bats
  2 giant cockroaches
  2 goblins (D:1)
  4 hobgoblins (D:1)
  3 jackals (D:1)
  3 kobolds (D:1)
  3 quokkas (D:2)
  A frilled lizard (D:2)
  7 rats
30 creatures vanquished.

Notes
Turn   | Place    | Note
-------+----------+-------------------------------------------
     0 | D:1      | nomophobia the Demonspawn Berserker began the quest for the
                  | Orb.
     0 | D:1      | Reached XP level 1. HP: 18/18 MP: 1/1
   174 | D:1      | Gained mutation: You have an unusually large brain. (Int
                  | +2) [demonic ancestry]
   174 | D:1      | Reached XP level 2. HP: 20/24 MP: 2/2
   768 | D:2      | Reached ** piety under Trog
   802 | D:2      | Gained mutation: You regenerate a little health from kills.
                  | [demonic ancestry]
   802 | D:2      | Reached XP level 3. HP: 29/29 MP: 3/3
  1306 | D:2      | Slain by a worm

Illustrated notes

Levels and vault maps discovered:
D:1:      wander_arrival_lonely_grave, layout_rooms
D:2:      layout_loops_cross, grunt_temple_overflow_cloverleaf,
          kennysheep_generic_room_10, uniq_jessica

Skill      XL: |  1  2 |
---------------+-------+-----
Axes           | 3 |  3.2
Armour         | 2 |  2.1
Dodging        | 2 |  2.1
Fighting       | |  3.3

Action                   || total
-------------------------++-------
Melee: Hand axe          ||    99
Invok: Berserk           ||     1
  Use: Scroll            ||     4
Armor: Animal skin       ||    15
Dodge: Dodged            ||    70
